 Dungeon Crawl Stone Soup version 0.17.1-3-g152610e (webtiles) character file.

381 Grim the Shooter (level 6, 0/48 HPs)
             Began as a Centaur Hunter on Feb 28, 2016.
             Slain by an orc
             ... wielding a cursed +0 hand axe
              (4 damage)
             ... on level 6 of the Dungeon on Feb 29, 2016.
             The game lasted 00:08:49 (5456 turns).

Grim the Shooter (Centaur Hunter)                   Turns: 5456, Time: 00:08:49

Health: 0/48       AC:  4    Str: 15    XL:     6   Next: 46%
Magic:  6/6        EV:  9    Int: 10    God:
Gold:   169        SH:  0    Dex: 11    Spells: 0 memorised, 5 levels left

rFire  . . .     SeeInvis .     b - +0 quarterstaff
rCold  . . .     Clarity  .     c - +0 leather armour
rNeg   . . .     SustAt   .     (shield currently unavailable)
rPois  +         Gourm    .     (no helmet)
rElec  .         Spirit   .     (no cloak)
rCorr  .         Warding  .     (no gloves)
rMut   .         Stasis   .     (no barding)
MR     .....                    (no amulet)
Stlth  +.........               (no ring)
                                h - ring of poison resistance

@: very quick, not resistant to hostile enchantments, very unstealthy
A: hooves 3, deformed body, speed 2, tough skin 3
a: no special abilities


You were on level 6 of the Dungeon.
You were not hungry.

You visited 1 branch of the dungeon, and saw 5 of its levels.

You collected 169 gold pieces.

Inventory:

Hand Weapons
 a - a +1 shortbow
 b - a +0 quarterstaff (weapon)
Missiles
 d - 23 arrows
Armour
 c - a +0 leather armour (worn)
Jewellery
 h - a ring of poison resistance (left hand)
 q - an uncursed ring of see invisible {unknown}
 r - a cursed ring of teleportation {unknown}
Wands
 x - a wand of confusion (25)
Scrolls
 f - 4 scrolls of identify {unknown}
 g - a scroll of enchant weapon {unknown}
 i - a scroll of blinking {unknown}
 k - 3 scrolls of remove curse {unknown}
 m - 3 scrolls of enchant armour {unknown}
 o - 2 scrolls of teleportation {unknown}
 p - a scroll of noise {unknown}
 t - a scroll of fear {unknown}
Potions
 n - a potion of flight
Books
 v - a book of the Tempests

   Spells                             Type                      Level
   a - Static Discharge               Conjuration/Air              3
   b - Lightning Bolt                 Conjuration/Air              5
   c - Fireball                       Conjuration/Fire             5
   d - Tornado                        Air                          9
   e - Shatter                        Earth                        9
Comestibles
 e - a bread ration
 j - a slice of pizza
 l - a beef jerky
 u - a meat ration


   Skills:
 - Level 2.0 Fighting
 * Level 3.0 Staves
 + Level 7.2 Bows
 - Level 1.3 Dodging
 - Level 0.5 Stealth
 - Level 4.0 Unarmed Combat


You had 5 spell levels left.
You didn't know any spells.

Dungeon Overview and Level Annotations

Branches:
Dungeon (6/15)
 Temple: D:4-7

Altars:
Makhleb
Okawaru
Sif Muna
Zin
The Shining One


Innate Abilities, Weirdness & Mutations

You have hooves in place of feet.
Armour fits poorly on your strangely shaped body.
You cover ground very quickly.
You have extremely tough skin (AC +3).


Message History

You hit the orc priest.
The orc priest is almost dead.
The orc barely misses you. The iguana misses you.
The orc wizard casts a spell at you. You resist with some effort.
The orc priest barely misses you.
You hit the orc priest.
You kill the orc priest!
Your Staves skill increases to level 3!
The iguana bites you.
* * * LOW HITPOINT WARNING * * *
The orc wizard hits you but does no damage.
The orc hits you with a hand axe.
* * * LOW HITPOINT WARNING * * *
You barely miss the iguana. The iguana bites you.
* * * LOW HITPOINT WARNING * * *
You closely miss the orc. You kick the orc, but do no damage.
The iguana bites you!
* * * LOW HITPOINT WARNING * * *
The orc hits you with a hand axe.
You die...

## # .(# #!# #.#
##.#. #.#
.....##.#
.......(######
...../.(#....###.
....(..ol@.......
..(.(...#o##.####
(.........#
.......####
#######


You could see an iguana, an orc wizard and an orc.

Vanquished Creatures
  A scorpion (D:6)
  A crimson imp (D:4)
  An orc wizard (D:4)
  An orc priest (D:6)
  An iguana (D:4)
  A worker ant (D:4)
  9 adders
  An ooze (D:2)
  An adder skeleton (D:4)
  5 worms
  5 orcs
  13 bats
  4 giant cockroaches
  12 hobgoblins
  7 kobolds
  3 quokkas
  6 giant newts
  5 goblins
  6 jackals (D:3)
  4 rats
87 creatures vanquished.

Notes
Turn   | Place    | Note
--------------------------------------------------------------
     0 | D:1      | Grim the Centaur Hunter began the quest for the Orb.
     0 | D:1      | Reached XP level 1. HP: 17/17 MP: 1/1
   274 | D:1      | Reached skill level 1 in Unarmed Combat
   573 | D:1      | Reached XP level 2. HP: 22/24 MP: 2/2
  1287 | D:2      | Reached XP level 3. HP: 24/29 MP: 3/3
  2196 | D:2      | Reached XP level 4. HP: 36/36 MP: 4/4
  2629 | D:3      | Reached skill level 6 in Bows
  3499 | D:3      | Found a deep blue altar of Sif Muna.
  3499 | D:3      | Found an iron altar of Okawaru.
  3530 | D:3      | Reached XP level 5. HP: 29/41 MP: 5/5
  4357 | D:4      | Found a burning altar of Makhleb.
  4362 | D:4      | Found a glowing silver altar of Zin.
  4363 | D:4      | Noticed a blizzard demon
  4363 | D:4      | Noticed an angel
  4453 | D:4      | Reached skill level 1 in Staves
  4464 | D:4      | Found a glowing golden altar of the Shining One.
  4783 | D:3      | HP: 2/41 [orc/mace (6)]
  5083 | D:4      | Reached XP level 6. HP: 43/48 MP: 6/6
  5182 | D:4      | You fall through a shaft for 2 floors!
  5194 | D:6      | Reached skill level 7 in Bows
  5456 | D:6      | Slain by an orc

Action                   |  1- 3 |  4- 6 || total
-------------------------+-------+-------++-------
Melee: Unarmed           |    87 |   110 ||   197
       Quarterstaff      |       |    59 ||    59
 Fire: Shortbow          |    67 |    69 ||   136
  Use: Potion            |       |     4 ||     4
  Eat: Chunk             |     2 |     6 ||     8
       Bread ration      |       |     1 ||     1
